 Dungeon Crawl Stone Soup version 0.26.0-45-g9c1d065592 (webtiles) character file.

Game seed: 6684746246774080270

60988 txstrosman the Zephyrmancer (level 14, -1/85 HPs)
             Began as a Demonspawn Air Elementalist on Jan 28, 2021.
             Was a High Priest of Vehumet.
             Killed from afar by a catoblepas (7 damage)
             ... with a blast of calcifying dust
             ... on level 6 of the Lair of Beasts on Jan 31, 2021.
             The game lasted 07:00:03 (40669 turns).

txstrosman the Zephyrmancer (DsAE)                 Turns: 40669, Time: 07:00:04

Health: -1/85      AC:  8    Str:  9    XL:     14   Next: 58%
Magic:  14/31      EV: 13    Int: 21    God:    Vehumet [*****.]
Gold:   2503       SH:  4    Dex: 14    Spells: 12/39 levels left

rFire    + . .     SeeInvis .   E - staff of air
rCold    + . .     Faith    .   (no shield)
rNeg     . . .     Spirit   .   w - +2 robe {rC+ rF+}
rPois    .         Reflect  .   p - +1 hat {Will+}
rElec    +         Harm     .   e - +1 cloak
rCorr    +         Rampage  .   (no gloves)
Will     +++..                  G - +0 pair of boots
Stlth    ++........             c - amulet of regeneration
HPRegen  0.64/turn              d - ring of willpower
MPRegen  0.22/turn              a - ring of resist corrosion

@: no status effects
A: horns 2, large bone plates 1, demonic guardian 1, spiny 2
a: Renounce Religion


You were on level 6 of the Lair of Beasts.
You worshipped Vehumet.
Vehumet was extremely pleased with you.
You visited 3 branches of the dungeon, and saw 19 of its levels.

You collected 2775 gold pieces.
You spent 272 gold pieces at shops.

Inventory:

Hand Weapons
 j - the +11 flail of the Purse {freeze, *Noise rElec Dex+8}
   (You found it on level 9 of the Dungeon)

   It has been specially enchanted to freeze those struck by it, causing extra
   injury to most foes and up to half again as much damage against particularly
   susceptible opponents.
   It can also slow down cold-blooded creatures.
   It affects your dexterity (+8).
   It insulates you from electricity.
   It may make noises in combat.
 r - a +2 whip of electrocution
Armour
 e - a +1 cloak (worn)
 p - a +1 hat of willpower (worn)
 w - a +2 robe of resistance (worn)
 G - a +0 pair of boots (worn)
Magical Staves
 i - an uncursed staff of cold
 x - an uncursed staff of earth
 E - an uncursed staff of air (weapon)
Jewellery
 a - a ring of resist corrosion (right hand)
 c - an amulet of regeneration (around neck)
 d - a ring of willpower (left hand)
Wands
 n - a wand of paralysis (3)
 q - a wand of enslavement (1)
 u - a wand of flame (32) (quivered)
 A - a wand of iceblast (11)
Scrolls
 f - 5 scrolls of immolation
 m - 10 scrolls of remove curse
 s - a scroll of enchant armour
 t - 3 scrolls of fog
 y - a scroll of identify
 C - 4 scrolls of amnesia
Potions
 b - a potion of curing
 g - 4 potions of haste
 h - 2 potions of might
 k - 3 potions of brilliance
 l - 2 potions of cancellation
 o - a potion of magic
 v - 3 potions of berserk rage
 z - a potion of resistance
 B - 3 potions of flight


   Skills:
 * Level 4.9 Staves
 - Level 2.5 Dodging
 - Level 1.7 Stealth
 - Level 5.2 Shields
 * Level 13.1 Spellcasting
 * Level 9.4 Conjurations
 + Level 5.2 Fire Magic
 * Level 2.7 Ice Magic
 * Level 14.4 Air Magic
 - Level 4.6 Poison Magic
 + Level 0.4 Evocations


You had 12 spell levels left.
You knew the following spells:

 Your Spells              Type           Power        Failure   Level
a - Shock                 Conj/Air       100%         1%          1
b - Foxfire               Conj/Fire      100%         1%          1
c - Searing Ray           Conj           100%         1%          2
d - Airstrike             Air            42%          1%          4
e - Lightning Bolt        Conj/Air       38%          1%          5
f - Irradiate             Conj/Tmut      16%          5%          5
g - Mephitic Cloud        Conj/Pois/Air  69%          1%          3
h - Freezing Cloud        Conj/Ice/Air   33%          5%          6

Your spell library contained the following spells:

 Spells                   Type           Power        Failure   Level
 Magic Dart               Conj           100%         1%          1
 Swiftness                Air            84%          1%          2
 Conjure Flame            Conj/Fire      44%          1%          3
 Dazzling Flash           Conj/Hex       66%          1%          3
 Static Discharge         Conj/Air       77%          1%          3
 Beastly Appendage        Tmut           28%          4%          1
 Spider Form              Tmut/Pois      11%          5%          3
 Blink                    Tloc           N/A          7%          2
 Call Imp                 Summ           13%          7%          2
 Slow                     Hex            13%          7%          2
 Wereblood                Tmut           14%          7%          2
 Ice Form                 Ice/Tmut       19%          26%         4
 Blade Hands              Tmut           7%           77%         5


Dungeon Overview and Level Annotations

Branches:
Dungeon (11/15)            Temple (0/1) D:4            Lair (6/6) D:9
 Shoals (0/4) Lair:2        Snake (0/4) Lair:4        Slime (0/5) Lair:5
    Orc (2/2) D:11            Elf (0/3) Orc:2

Altars:
Ashenzari
Dithmenos
Elyvilon
Fedhas
Hepliaklqana
Kikubaaqudgha
Nemelex Xobeh
Qazlal
Sif Muna
Vehumet
Wu Jian
Yredelemnul
Zin
The Shining One
Beogh
Jiyva

Shops:
D:6 ?   D:8 (   Orc:1 (   Orc:2 ([}

Annotations:
Lair:3 2 transporters, Hehehe's ghost, journeyman DDFi
Lair:5 1 runed translucent door
Lair:6 3 runed translucent doors, Sede's ghost, journeyman HOFi


Innate Abilities, Weirdness & Mutations

You have a pair of horns on your head.
You are partially covered in large bone plates. (SH +4)
A weak demonic guardian rushes to your aid.
You are mostly covered in sharp spines.


Message History

* * * LOW HITPOINT WARNING * * *
Your iron imp disappears in a puff of smoke!
Your quasit is engulfed in calcifying dust.
Your quasit is moving more slowly.
Your quasit bites the catoblepas but does no damage.
Your quasit claws the catoblepas but does no damage.
Your quasit barely misses the catoblepas.
Your quasit is engulfed in calcifying dust.
Your quasit stops moving altogether!
The death yak is engulfed in calcifying dust.
The death yak is moving more slowly.
The catoblepas breathes a plume of calcifying dust at you.
The blast of calcifying dust hits you!
* * * LOW HITPOINT WARNING * * *
Your shadow imp completely misses the death yak.
Okay, then.
The catoblepas breathes a plume of calcifying dust at you.
The blast of calcifying dust hits the death yak.
The blast of calcifying dust hits you!
You die...

.............#.....#.....###..P.#
..!...............#..............
.................§§5...≈.........
...............§......≈≈≈........
..#...#..#...§...Y....≈≈≈........
.##...##.#.##...5Y.#..≈≈≈........
###..##..#.##...§§##..≈≈≈.....#P.
##...#....####.§§.#..#≈≈≈........
P...Y....#.# #.§@.....≈≈≈......##
..........######...P..≈≈≈.....#.#
...........##.###.....≈≈##.....##
...P.........§§§......≈#.....###
.#P.##........#............P.###
###.##.....#..##.##..........#.##
#####....########.............#
#.....# #.............# ##.....#
#.............#


You could see a death yak (petrifying) and a friendly quasit (summoned,
petrified).

Vanquished Creatures
  Gastronok (D:8)
  An orc warlord (Orc:1)
  Erolcha (D:11)
  A boulder beetle (D:11)
  5 hydras
  Erica (D:8)
  A two-headed ogre (D:8)
  A deep troll shaman (Lair:6)
  4 death yaks
  4 orc high priests
  An unseen horror (D:11)
  5 orc knights (Orc:2)
  5 oklob plants
  Pikel (D:4)
  5 orc sorcerers (Orc:2)
  A manticore (D:11)
  18 elephants
  5 black mambas
  Psyche (D:8)
  A torpor snail (Lair:1)
  Joseph (D:7)
  13 cane toads
  5 rime drakes
  7 komodo dragons
  2 polar bears
  2 trolls
  A hornet (Lair:2)
  Grinder (D:3)
  14 blink frogs
  38 yaks
  A wraith (D:11)
  Grum (D:8)
  2 wyverns
  3 basilisks
  Menkaure (D:4)
  3 wargs
  2 nagas (Lair:4)
  An acid dragon (D:11)
  13 water moccasins
  20 orc warriors
  3 ice beasts
  A sky beast (D:8)
  6 black bears
  An eye of draining (D:11)
  6 ogres
  51 wolves
  5 centaurs
  2 lemures (D:4)
  A big kobold (D:9)
  16 bullfrogs
  A water moccasin zombie (D:6)
  A wyvern skeleton (D:11)
  A scorpion (D:9)
  8 killer bees
  13 wights
  2 electric eels
  2 centaur zombies (D:8)
  3 bullfrog zombies
  6 hounds
  19 orc priests
  19 orc wizards
  5 iguanas
  Natasha (thrice) (D:4)
  Terence (D:2)
  7 worker ants
  2 hound skeletons
  2 worker ant zombies (D:5)
  4 gnolls (D:5)
  11 adders
  2 shadow imps
  A white imp (D:8)
  2 ufetubi
  3 oozes
  An adder zombie (D:6)
  An adder skeleton (D:7)
  2 worms
  A dart slug (D:2)
  3 leopard geckos
  86 orcs
  A ball python (D:2)
  5 giant cockroaches
  5 goblins
  6 hobgoblins
  20 jackals
  5 quokkas
  8 bats
  5 frilled lizards
  7 kobolds
  A leopard gecko skeleton (D:4)
  A leopard gecko zombie (D:6)
  A quokka skeleton (D:5)
  A quokka zombie (D:5)
  7 rats
  A spectral orc (D:3)
572 creatures vanquished.

Vanquished Creatures (collateral kills)
  2 elephants
  Sigmund (D:2)
  2 yaks (Lair:5)
  2 wolves (Lair:6)
  3 killer bees
  A centaur zombie (D:5)
  An adder (D:6)
  A white imp (D:5)
  An orc (D:11)
  A hobgoblin (D:3)
  A quokka zombie (D:7)
16 creatures vanquished.

Vanquished Creatures (others)
  A bat (D:3)
  2 bushes (Lair:6)
  51 foxfires
  77 fungi
  79 plants
  5 withered plants (D:2)
215 creatures vanquished.

Grand Total: 803 creatures vanquished

Notes
Turn   | Place    | Note
-------+----------+-------------------------------------------
     0 | D:1      | txstrosman the Demonspawn Air Elementalist began the quest
                  | for the Orb.
     0 | D:1      | Reached XP level 1. HP: 13/13 MP: 3/3
   742 | D:1      | Reached skill level 3 in Air Magic
   808 | D:1      | Gained mutation: You are partially covered in sharp spines.
                  | [demonic ancestry]
   808 | D:1      | Reached XP level 2. HP: 19/19 MP: 0/5
  1345 | D:2      | Gained mutation: A weak demonic guardian rushes to your
                  | aid. [demonic ancestry]
  1345 | D:2      | Reached XP level 3. HP: 9/24 MP: 2/6
  1646 | D:2      | Noticed Sigmund
  1838 | D:2      | Killed Sigmund
  1839 | D:2      | Reached XP level 4. HP: 30/30 MP: 0/8
  1839 | D:2      | Reached XP level 5. HP: 35/35 MP: 0/9
  2021 | D:2      | Found a radiant altar of Vehumet.
  2030 | D:2      | Became a worshipper of Vehumet
  2205 | D:2      | Noticed Terence
  2216 | D:2      | Killed Terence
  2352 | D:2      | Found an ancient bone altar of Kikubaaqudgha.
  2356 | D:2      | Reached skill level 4 in Air Magic
  2378 | D:2      | Found a blossoming altar of Fedhas.
  2785 | D:3      | You fall into a shaft and drop 3 floors!
  2881 | D:5      | Entered Level 5 of the Dungeon
  2904 | D:5      | Gained mutation: You are partially covered in large bone
                  | plates. (SH +4) [demonic ancestry]
  2904 | D:5      | Reached XP level 6. HP: 29/41 MP: 8/11
  3200 | D:3      | Reached * piety under Vehumet
  3200 | D:3      | Offered knowledge of Foxfire by Vehumet.
  3204 | D:3      | Learned a level 1 spell: Foxfire
  3306 | D:3      | Found a faded altar of an unknown god.
  3498 | D:3      | Found a basalt altar of Yredelemnul.
  4279 | D:3      | Noticed Grinder
  4302 | D:3      | Killed Grinder
  4303 | D:3      | Gained mutation: You are mostly covered in sharp spines.
                  | [demonic ancestry]
  4303 | D:3      | Reached XP level 7. HP: 42/46 MP: 0/13
  4475 | D:3      | Found a broken altar of Ashenzari.
  4805 | D:4      | Noticed Natasha
  4812 | D:4      | Killed Natasha
  4813 | D:4      | Reached skill level 1 in Shields
  4813 | D:4      | Reached skill level 1 in Fire Magic
  5160 | D:4      | Noticed Pikel
  5193 | D:4      | Killed Pikel
  5194 | D:4      | Reached skill level 5 in Spellcasting
  5194 | D:4      | Reached skill level 5 in Air Magic
  5194 | D:4      | Reached XP level 8. HP: 52/52 MP: 6/15
  5315 | D:4      | Noticed Natasha
  5321 | D:4      | Killed Natasha
  5426 | D:4      | Found a staircase to the Ecumenical Temple.
  5426 | D:4      | Noticed Natasha
  5430 | D:4      | Killed Natasha
  5430 | D:4      | Offered knowledge of Searing Ray by Vehumet.
  5434 | D:4      | Learned a level 2 spell: Searing Ray
  5485 | D:4      | Reached ** piety under Vehumet
  5545 | D:4      | You fall into a shaft and drop 3 floors!
  5704 | D:7      | Found a shimmering blue altar of Sif Muna.
  5826 | D:7      | Found a shimmering blue altar of Sif Muna.
  5890 | D:7      | Noticed Joseph
  6248 | D:4      | Noticed Menkaure
  6257 | D:4      | Killed Menkaure
  6258 | D:4      | Reached skill level 5 in Conjurations
  7148 | D:5      | Offered knowledge of Conjure Flame by Vehumet.
  7154 | D:5      | Learned a level 4 spell: Airstrike
  7262 | D:5      | Reached skill level 6 in Air Magic
  7621 | D:5      | Reached XP level 9. HP: 57/57 MP: 4/18
  7734 | D:5      | Reached *** piety under Vehumet
  7748 | D:5      | Found a sparkling altar of Nemelex Xobeh.
  8016 | D:5      | Found a white marble altar of Elyvilon.
  8121 | D:5      | Found a stormy altar of Qazlal.
  8123 | D:5      | Found a glowing golden altar of the Shining One.
  8128 | D:5      | Found an ornate altar of the Wu Jian Council.
  8131 | D:5      | Found a hazy altar of Hepliaklqana.
  8193 | D:5      | Learned a level 5 spell: Lightning Bolt
  8787 | D:6      | Found Juntaric's Magic Scroll Shoppe.
  8795 | D:6      | Bought a scroll of enchant armour for 97 gold pieces
  8795 | D:6      | Bought a scroll of identify for 26 gold pieces
  8795 | D:6      | Bought a scroll of identify for 26 gold pieces
  8795 | D:6      | Bought a scroll of identify for 26 gold pieces
  8795 | D:6      | Bought a scroll of enchant armour for 97 gold pieces
  9720 | D:6      | Found a glowing silver altar of Zin.
  9855 | D:7      | Offered knowledge of Dazzling Flash by Vehumet.
 10802 | D:7      | Learned a level 3 spell: Dazzling Flash
 10980 | D:7      | Killed Joseph
 10981 | D:7      | Reached skill level 7 in Air Magic
 11526 | D:8      | Noticed Psyche
 11530 | D:8      | Killed Psyche
 11541 | D:8      | Noticed Erica
 11701 | D:8      | Killed Erica
 11702 | D:8      | Reached XP level 10. HP: 48/63 MP: 4/22
 12132 | D:8      | Found a shadowy altar of Dithmenos.
 12368 | D:8      | Noticed Gastronok
 12371 | D:8      | Noticed Grum
 13372 | D:8      | Reached skill level 8 in Air Magic
 13494 | D:8      | Got a shadowed robe
 13495 | D:8      | Identified the cursed +1 robe of Apathy {Harm Str+3 Int-5}
                  | (You found it on level 8 of the Dungeon)
 13542 | D:8      | Noticed a two-headed ogre
 13551 | D:8      | Killed a two-headed ogre
 13802 | D:8      | Killed Gastronok
 14043 | D:8      | Found Ulylabat's Weapon Shop.
 14114 | D:8      | Killed Grum
 14734 | D:9      | Reached skill level 9 in Air Magic
 15234 | D:9      | Noticed an elephant
 15559 | D:9      | Killed an elephant
 15560 | D:9      | Gained mutation: You have a pair of small horns on your
                  | head. [demonic ancestry]
 15560 | D:9      | Reached XP level 11. HP: 68/68 MP: 1/24
 15771 | D:10     | Entered Level 10 of the Dungeon
 15923 | D:9      | Found a staircase to the Lair.
 16464 | D:9      | Got a steaming flail
 16474 | D:9      | Got a transparent flail
 16475 | D:9      | Identified the +11 flail of the Purse {freeze, *Noise rElec
                  | Dex+8} (You found it on level 9 of the Dungeon)
 16796 | Lair:1   | Entered Level 1 of the Lair of Beasts
 16825 | Lair:1   | Found a glowing golden altar of the Shining One.
 16952 | Lair:1   | Noticed an eight-headed hydra
 16965 | Lair:1   | Killed an eight-headed hydra
 17229 | Lair:1   | Noticed an oklob plant
 17551 | Lair:1   | Killed an oklob plant
 17552 | Lair:1   | Reached skill level 10 in Spellcasting
 17689 | Lair:1   | Noticed an oklob plant
 17689 | Lair:1   | Noticed an oklob plant
 17695 | Lair:1   | Killed an oklob plant
 18025 | Lair:1   | Killed an oklob plant
 18158 | Lair:1   | Noticed an oklob plant
 18165 | Lair:1   | Killed an oklob plant
 18357 | Lair:1   | Learned a level 3 spell: Mephitic Cloud
 18404 | Lair:1   | Reached **** piety under Vehumet
 18405 | Lair:1   | Reached skill level 10 in Air Magic
 18529 | Lair:1   | Reached skill level 5 in Shields
 18571 | Lair:1   | Offered knowledge of Irradiate by Vehumet.
 18870 | Lair:1   | Reached skill level 1 in Poison Magic
 19797 | Lair:1   | Reached skill level 5 in Fire Magic
 19819 | Lair:1   | Reached XP level 12. HP: 49/74 MP: 4/26
 20300 | Lair:1   | Reached skill level 1 in Staves
 20650 | Lair:2   | Noticed a death yak
 20651 | Lair:2   | Noticed a death yak
 20795 | Lair:1   | Killed a death yak
 20796 | Lair:1   | Reached skill level 11 in Air Magic
 20933 | Lair:1   | Killed a death yak
 21403 | Lair:2   | Found a staircase to the Shoals.
 21960 | Lair:2   | Noticed a seven-headed hydra
 22007 | Lair:2   | Killed a seven-headed hydra
 22008 | Lair:2   | Reached skill level 12 in Air Magic
 22660 | Lair:2   | Learned a level 5 spell: Irradiate
 22739 | Lair:3   | Noticed a six-headed hydra
 22744 | Lair:3   | Killed a six-headed hydra
 22829 | Lair:3   | You fall into a shaft and drop 3 floors!
 22829 | Lair:6   | Entered Level 6 of the Lair of Beasts
 22938 | Lair:6   | Noticed a seven-headed hydra
 22953 | Lair:6   | Killed a seven-headed hydra
 23528 | Lair:6   | Found a runed translucent gate.
 23529 | Lair:6   | Found a runed translucent gate.
 23530 | Lair:6   | Found a runed translucent gate.
 24400 | Lair:3   | Gained mutation: You have a pair of horns on your head.
                  | [demonic ancestry]
 24400 | Lair:3   | Reached XP level 13. HP: 27/79 MP: 7/27
 24680 | Lair:3   | You fall into a shaft and drop 2 floors!
 24798 | Lair:4   | Reached ***** piety under Vehumet
 24929 | Lair:4   | Offered knowledge of Fulminant Prism by Vehumet.
 25608 | Lair:4   | Reached skill level 13 in Air Magic
 26448 | Lair:3   | Found a transporter.
 26448 | Lair:3   | Noticed Hehehe's ghost (journeyman DDFi)
 26462 | Lair:3   | Found a transporter.
 27709 | Lair:4   | Found a staircase to the Snake Pit.
 28614 | Lair:5   | Found a runed translucent door.
 28614 | Lair:5   | Noticed an azure jelly
 28615 | Lair:5   | Found a viscous altar of Jiyva.
 28615 | Lair:5   | Found a staircase to the Slime Pits.
 31218 | D:11     | Offered knowledge of Freezing Cloud by Vehumet.
 31415 | D:11     | Learned a level 6 spell: Freezing Cloud
 31433 | D:11     | Found a staircase to the Orcish Mines.
 31669 | D:11     | Identified the +5 hand axe "Omnaluc" {distort, rElec rC++
                  | Will- Dex+4}
 32452 | D:11     | Noticed Erolcha
 32494 | D:11     | Killed Erolcha
 32702 | D:11     | Reached skill level 1 in Ice Magic
 33120 | Orc:1    | Entered Level 1 of the Orcish Mines
 33121 | Orc:1    | Found Ryedu's Weapon Emporium.
 33578 | Orc:1    | Found a roughly hewn altar of Beogh.
 33859 | Orc:2    | Entered Level 2 of the Orcish Mines
 34238 | Orc:2    | Noticed an orc warlord
 34483 | Orc:1    | Killed an orc warlord
 34484 | Orc:1    | Reached XP level 14. HP: 56/85 MP: 11/30
 34890 | Orc:2    | Found a roughly hewn altar of Beogh.
 35861 | Orc:2    | Found a staircase to the Elven Halls.
 36789 | Orc:2    | Reached skill level 14 in Air Magic
 37613 | Orc:2    | Found Fosett's Gadget Boutique.
 37613 | Orc:2    | Found Vimel's Weapon Boutique.
 37642 | Orc:2    | Found Pylegh's Armour Shoppe.
 37644 | Orc:2    | Found Zely's Armour Shoppe.
 39166 | Lair:6   | Noticed Sede's ghost (journeyman HOFi)
 40669 | Lair:6   | Killed from afar by a catoblepas

Illustrated notes

Levels and vault maps discovered:
D:1:      dpeg_arrival_tiny_k, layout_loops_cross, minmay_misc_feat_five
D:2:      layout_basic, grunt_temple_overflow_growth_and_decay,
          fiery_altar_vehumet, uniq_sigmund, uniq_terence
D:3:      layout_basic, yredelemnul_forgotten_temple_becter,
          general_overflow_altar, chequers_ecumenical_altar_grove,
          hangedman_decor_peaks_small, lemuel_flame_loot_1, uniq_grinder
D:4:      layout_loops_ring, minmay_temple_entry_sparse_star,
          kennysheep_generic_room_11, uniq_natasha, uniq_pikel, uniq_menkaure
D:5:      layout_gridville, lemuel_coloured_pillars_altar, minitemple,
          kennysheep_mini_moat
D:6:      layout_cave_pools, zin_treasury, serial_shops, shop, hex_medium
D:7:      layout_basic, led_sif_pool, serial_co_window_serial,
          co_window_of_opportunity_a, co_window_paths_a, co_window_cross_1,
          co_window_of_opportunity_a, co_window_corner_a, co_window_paths_a,
          co_window_corner_a, co_window_paths_a, co_window_paths_a,
          co_window_corner_cb, co_window_2corner, co_window_2corner,
          co_window_corner_b, co_window_paths_c, co_window_4corner_b,
          basic_altar, uniq_joseph
D:8:      layout_rooms, serial_shops, shop, small_chamber_with_monster,
          nicolae_dithmenos_shadow_blocks, uniq_gastronok, uniq_psyche,
          uniq_erica, uniq_grum
D:9:      layout_roguey, david_lair_generic
D:10:     layout_loops_ring, kennysheep_generic_room_13
D:11:     layout_long_grid, hiddenorc2_lemuel, uniq_erolcha
Lair:1:   beast_lair_carwin_large_3, layout_loops_ring, basic_altar,
          grunt_forest_large_clearings, grunt_megastairs_3,
          minmay_lair_oklob_chamber, infiniplex_staircase_pool
Lair:2:   layout_regular_city, elwin_shoals_entry_rocks
Lair:3:   layout_loops_ring, gammafunk_ghost_arena
Lair:4:   layout_loops_ring, guppyfry_snake_entry_island, grunt_megastairs_5
Lair:5:   layout_concentric_octagons, slime_altar_2
Lair:6:   grunt_lair_end_beastmaster, layout_gridlike, gammafunk_ghost_split,
          grunt_megastairs_1
Orc:1:    layout_diamond_mine, serial_shops, shop, nicolae_orc_rockfall,
          kennysheep_orc_chapel
Orc:2:    st_orc_elflike, layout_diamond_mine, basic_altar

Skill      XL: |  1  2  3  4  5  6  7  8  9 10 11 12 13 14 |
---------------+-------------------------------------------+-----
Air Magic      | 3 4 5 6 7 9 10 12 13 14 | 14.4
Dodging        | 2 |  2.5
Spellcasting   | 3 4 5 6 8 9 10 12 13 | 13.1
Conjurations   | 2 3 4 5 6 7 8 9 |  9.4
Shields        | 1 2 3 4 5 |  5.2
Fire Magic     | 1 2 3 4 5 |  5.2
Poison Magic   | 1 3 4 |  4.6
Staves         | 3 4 |  4.9
Ice Magic      | 1 2 |  2.7
Stealth        | |  1.7
Evocations     | |  0.4

Action                   |  1- 3 |  4- 6 |  7- 9 | 10-12 | 13-15 || total
-------------------------+-------+-------+-------+-------+-------++-------
Melee: Short sword       |     8 |     8 |       |       |       ||    16
       Whip              |       |       |     6 |       |       ||     6
       Flail             |       |       |       |    23 |       ||    23
       Staff             |       |       |       |    29 |    52 ||    81
       Headbutt          |       |       |       |     5 |     4 ||     9
 Cast: Shock             |    51 |   110 |   139 |     8 |     5 ||   313
       Foxfire           |       |     9 |    27 |     3 |       ||    39
       Airstrike         |       |       |    84 |   328 |   383 ||   795
       Searing Ray       |       |       |     7 |     1 |     1 ||     9
       Lightning Bolt    |       |       |     3 |    10 |    67 ||    80
       Dazzling Flash    |       |       |     1 |     4 |       ||     5
       Mephitic Cloud    |       |       |       |    15 |    22 ||    37
       Irradiate         |       |       |       |     3 |     7 ||    10
       Freezing Cloud    |       |       |       |       |    24 ||    24
Evoke: Wand              |       |       |       |    17 |    17 ||    34
  Use: Scroll            |     2 |     5 |    13 |    13 |    12 ||    45
       Potion            |       |       |     1 |     2 |    12 ||    15
 Stab: Distracted        |       |       |       |       |     1 ||     1
Armor: Robe              |     2 |     6 |     5 |    32 |    41 ||    86
Dodge: Dodged            |     9 |    28 |    34 |   111 |    74 ||   256
Block: Other             |       |     4 |    12 |    26 |    22 ||    64
